 Dungeon Crawl Stone Soup version 0.15.1-3-g1b33baa (console) character file.

34 noom the Cudgeler (level 3, -5/58 HPs)
             Began as an Ogre Berserker on Oct 2, 2014.
             Was a Believer of Trog.
             Slain by a worm (7 damage)
             ... on Level 2 of the Dungeon.
             The game lasted 00:04:20 (1233 turns).

noom the Cudgeler (Ogre Berserker)                  Turns: 1233, Time: 00:04:21

HP  -5/58        AC  3     Str 27      XL: 3   Next: 31%
MP   3/3         EV 10     Int  6      God: Trog [**....]
Gold 73          SH  0     Dex 10      Spells:  0 memorised,  2 levels left

rFire  . . .     SeeInvis +     a - +0 mace
rCold  . . .     Clarity  .     b - +0 animal skin
rNeg   . . .     rCorr    .     (shield restricted)
rPois  +         rRot     .     (helmet restricted)
rElec  .         Spirit   .     (no cloak)
SustAb .         Warding  .     (gloves unavailable)
rMut   .         Stasis   .     (boots unavailable)
Gourm  .                        (no amulet)
MR     .....                    l - ring of poison resistance
                                h - ring of see invisible

@: berserking, very quick, not resistant to hostile enchantments, extremely
unstealthy
A: unfitting armour, tough skin 1
a: Burn Spellbooks, Berserk, Trog's Hand, Renounce Religion


You were on level 2 of the Dungeon.
You worshipped Trog.
Trog was pleased with you.
You were not hungry.

You visited 1 branch of the dungeon, and saw 2 of its levels.

You collected 73 gold pieces.

Inventory:

Hand weapons
 a - a +0 mace (weapon)
Armour
 b - a +0 animal skin (worn)
Comestibles
 c - a meat ration
 t - a chunk of goblin flesh
 v - a bread ration
Scrolls
 d - a scroll of remove curse {unknown}
 e - 2 scrolls of magic mapping {unknown}
 f - a scroll of fog {unknown}
 g - a scroll of amnesia {unknown}
 k - a scroll of recharging {unknown}
 p - a scroll of random uselessness {unknown}
 r - 2 scrolls of teleportation {unknown}
 s - a scroll of identify {unknown}
 u - 3 scrolls of enchant armour {unknown}
Jewellery
 h - a ring of see invisible (left hand)
 j - an uncursed ring of wizardry
 l - a ring of poison resistance (right hand)
Potions
 i - a potion of brilliance {unknown}
 m - a potion of restore abilities {unknown}
 n - a potion of might {unknown}
 o - a potion of curing {unknown}
 q - a potion of agility {unknown}


   Skills:
 - Level 4.0 Fighting
 * Level 5.7 Maces & Flails
 - Level 2.9 Dodging


You had 2 spell levels left.
You didn't know any spells.

Dungeon Overview and Level Annotations

Branches:
Dungeon (2/15)

Altars:
Okawaru
Vehumet


Innate Abilities, Weirdness & Mutations

You are too large for most types of armour.
You have tough skin (AC +1).


Message History

The goblin zaps a wand.
The puff of frost hits you!
The goblin zaps a wand.
The puff of frost hits you!
The goblin zaps a wand.
The puff of frost hits you!
* * * LOW HITPOINT WARNING * * *
Use which ability? (? or * to list)
A red film seems to cover your vision as you go berserk!
You feel yourself moving faster!
You feel mighty!
You feel somewhat more hungry.
The goblin zaps a wand.
The puff of frost hits you!
* * * LOW HITPOINT WARNING * * *
You closely miss the goblin. The goblin hits you.
* * * LOW HITPOINT WARNING * * *
The worm completely misses you.
You thump the goblin!
You kill the goblin!
Trog accepts your kill.
You sock the worm!
The worm is heavily wounded.
The worm bites you!
You die...

################
###..$...........#
#.................#
#...#.............#
#...../w..........######
#.#._.#@..........##...
#.................##.###
#...#...........>.......
#. ...............##..##
##...................#
#..(.(.........####..
#.....#############..
#.....##.............
... #.............


You could see a worm.

Vanquished Creatures
  A worm (D:2)
  A giant gecko (D:2)
  4 hobgoblins
  A jackal (D:1)
  3 bats (D:1)
  6 giant newts
  5 goblins
  3 kobolds (D:1)
  A quokka (D:2)
  5 rats
30 creatures vanquished.

Notes
Turn   | Place    | Note
--------------------------------------------------------------
     0 | D:1      | noom, the Ogre Berserker, began the quest for the Orb.
     0 | D:1      | Reached XP level 1. HP: 24/24 MP: 1/1
   421 | D:1      | Reached XP level 2. HP: 32/32 MP: 2/2
   497 | D:1      | Acquired Trog's second power
   497 | D:1      | Reached skill level 5 in Maces & Flails
   984 | D:2      | Found an iron altar of Okawaru.
  1059 | D:2      | Reached XP level 3. HP: 37/39 MP: 3/3
  1224 | D:2      | Found a radiant altar of Vehumet.
  1231 | D:2      | HP: 2/58 [goblin (1)]
  1233 | D:2      | Slain by a worm

Action                   || total
-------------------------++-------
Melee: Mace              ||    93
Invok: Berserk           ||     1
  Eat: Chunk             ||     1
